[Event "Early-Titled-Tuesday-Blitz-May-28-2024"]
[Site "Chess.com"]
[Date "2024.05.28"]
[Round "2"]
[White "LiadCuba"]
[Black "DarZay"]
[Result "1-0"]
[WhiteElo "2522"]
[BlackElo "2301"]
[TimeControl "180+1"]
[EndTime "8:19:06 PDT"]
[Termination "LiadCuba won by resignation"]

1. d4 d5 2. c4 e6 3. Nc3 Be7 4. cxd5 exd5 5. Bf4 c6 6. e3 Bf5 7. Bd3 Bxd3 8. Qxd3 Nf6 9. Nge2 O-O 10. h3 Nbd7 11. O-O Nh5 12. Bh2 f5 13. Rab1 g6 14.
b4 Nhf6 15. b5 Ne4 16. f3 Nd6 17. bxc6 bxc6 18. Nf4 Rf6 19. g4 g5 20. Nh5 Rh6 21.
Bxd6 Bxd6 22. Qxf5 Nb6 23. e4 Nc4 24. Nxd5 Nd2 25. Ndf6+ Kh8 26. Rb7 Be7 27. Rf2 Bxf6 28. Nxf6 Qxf6 29. Rxh7+ Kg8 30. Rxh6 Qxh6 31. Rxd2 Rf8 32. Qe5 Rxf3 33. Rb2 Qf6 34. Rb8+ Kg7 35. Rb7+ Kg6 36. Qxf6+ Kxf6 37. Rxa7 Rxh3 38. Ra6 Rg3+ 39. Kf2 Rxg4 40. Rxc6+ Ke7 41. Kf3 Rf4+ 42. Ke3 Rf1 43. d5 g4 44. Rg6 Rf3+ 45. Kd4 Rg3 46. Ke5 Rg1 47. d6+ Kd7 48. Rg7+ Kc6 49. Rc7+ Kb6 50. Rg7 g3 51. Ke6 g2 52. d7 Kb7 53. d8=Q+ 1-0

[Event "Early-Titled-Tuesday-Blitz-May-28-2024"]
[Site "Chess.com"]
[Date "2024.05.28"]
[Round "2"]
[White "Goryachkina"]
[Black "pirulillo"]
[Result "1-0"]
[WhiteElo "2691"]
[BlackElo "2357"]
[TimeControl "180+1"]
[EndTime "8:19:07 PDT"]
[Termination "Goryachkina won by resignation"]

1. Nf3 Nf6 2. g3 g6 3. Bg2 Bg7 4. O-O O-O 5. d4 d6 6. c4 c6 7. Nc3 Nbd7 8. e4 e5 9. h3 a5 10.
Re1 Re8 11. Be3 exd4 12. Nxd4 Nc5 13. Qc2 a4 14. Rad1 Qa5 15. f3 Nfd7 16. Bf2 Ne5 17. b3 axb3 18. axb3 h5 19. f4 Ned7 20. Rb1 Na6 21. Ra1 Qc7 22. Qd2 Rb8 23. Kh1 Ndc5 24. Rab1 Nb4 25. Bg1 h4 26. g4 Nbd3 27. Rf1 Qa5 28.
f5 Ne5 29. f6 Bf8 30. b4 Qa3 31. bxc5 dxc5 32. Nf3 Nxc4 33. Qf4 Be6 34. Ne2 b5 35.
Ng5 b4 36. Nxe6 Rxe6 37. Qxb8 Nd2 38. Nf4 Qa2 39. Nxe6 Qxe6 40. Rbd1 Nxe4 41. Rfe1 Ng3+ 42. Qxg3 hxg3 43. Rxe6 fxe6 44. Bxc6 b3 45. Bb5 b2 46. Bc4 Bh6 47. Rb1 1-0

[Event "Early-Titled-Tuesday-Blitz-May-28-2024"]
[Site "Chess.com"]
[Date "2024.05.28"]
[Round "2"]
[White "Chernov_Alexander_A"]
[Black "Silvederione"]
[Result "1-0"]
[WhiteElo "2307"]
[BlackElo "2500"]
[TimeControl "180+1"]
[EndTime "8:19:08 PDT"]
[Termination "Chernov_Alexander_A won by resignation"]

1. d4 Nf6 2. Nc3 d5 3. Bg5 Nbd7 4. Nf3 c5 5. e3 e6 6. Bd3 Be7 7. O-O O-O 8. Re1 h6 9. Bh4 a6 10. a4 c4 11. Bf1 Qb6 12. Rb1 Qc6 13. Ne5 Qc7 14.
Bg3 Nxe5 15. dxe5 Nd7 16. e4 dxe4 17. Nxe4 Rd8 18. Qh5 b5 19. b3 Bb7 20. Nf6+ gxf6 21. exf6 Bd6 22. Qxh6 Nxf6 23. Bxd6 Qxd6 24. Qxf6 Qd4 25.
Qg5+ Qg7 26. Qe7 Bd5 27. Re3 Re8 28. Qh4 Kf8 29. Rg3 Qe5 30. Rg5 Qf6 31. Re1 Ke7 32. Ree5 Rh8 33. Qg3 cxb3 34. cxb3 Bxb3 35. Qxb3 Rad8 36. Qb4+ Ke8 37. axb5 Rd1 38. bxa6 Qf4 39. Qxf4 Ke7 40. Rg7 Rf8 41. Qg5+ Kd6 42. Ra5 Rb8 43. Qc5+ Kd7 44. Rxf7+ 1-0

[Event "Early-Titled-Tuesday-Blitz-May-28-2024"]
[Site "Chess.com"]
[Date "2024.05.28"]
[Round "2"]
[White "MaxLeto"]
[Black "GlavkonVVS"]
[Result "1-0"]
[WhiteElo "2386"]
[BlackElo "2583"]
[TimeControl "180+1"]
[EndTime "8:19:09 PDT"]
[Termination "MaxLeto won by resignation"]

1. g4 e5 2. Bg2 Nc6 3. c4 h5 4. gxh5 Qg5 5. Bf3 Nd4 6. d3 Nxf3+ 7. Nxf3 Qxh5 8. Nc3 Nf6 9. Rg1 d6 10. Nb5 Kd8 11. Be3 a6 12. Qa4 b6 13. Nc3 Bb7 14. Ng5 Be7 15. h3 Nh7 16. h4 Nxg5 17. hxg5 Qh3 18.
O-O-O Qd7 19. Qb3 Bc6 20. d4 f6 21. gxf6 Bxf6 22. d5 Bb7 23. Ne4 Kc8 24. Rh1 Rf8 25. Rh7 Qf5 26. Nxf6 Qxf6 27. Qd3 b5 28. Rg1 bxc4 29.
Qxc4 Qf7 30. Rgxg7 Bxd5 31. Qc2 c6 32. Rxf7 Rxf7 33.
Rxf7 Bxf7 34. Qxc6+ Kd8 35. Qxa8+ Ke7 36. Qa7+ Ke6 37.
Qxa6 Be8 38. Qa5 Bc6 39. Kd2 d5 40. b4 d4 41. Bg5 Bd5 42. Bh4 Bc4 43. Bg3 Bd5 44.
Qa3 e4 45. Qa6+ Kf5 46. Qb6 Bxa2 47. Qxd4 1-0

[Event "Early-Titled-Tuesday-Blitz-May-28-2024"]
[Site "Chess.com"]
[Date "2024.05.28"]
[Round "2"]
[White "NikFil2013"]
[Black "FischerKasparow"]
[Result "1-0"]
[WhiteElo "2458"]
[BlackElo "2103"]
[TimeControl "180+1"]
[EndTime "8:19:11 PDT"]
[Termination "NikFil2013 won on time"]

1. d4 Nf6 2. c4 c5 3. d5 b5 4. cxb5 a6 5. bxa6 Bxa6 6. Nc3 g6 7. e4 Bxf1 8. Kxf1 d6 9. Nf3 Bg7 10. g3 Nbd7 11. Kg2 O-O 12. a4 Ra6 13. Qe2 Qa8 14. Ra3 Rc8 15. b3 Ng4 16. Nb5 c4 17. Nd2 Nge5 18. f4 Nd3 19. Nxc4 Nxc1 20. Rxc1 Nc5 21. a5 f5 22. Nb6 Rxb6 23. axb6 Qb7 24. Na7 Re8 25. Qb5 Kf7 26. Qc6 Qb8 27. Rc2 fxe4 28. b4 Nd3 29. b5 Ne1+ 30. Kh3 Nxc2 31. Qxc2 Qxb6 32. Qxe4 Qg1 33. Qe6+ Kf8 34. Qe2 Bd4 35. Nc6 Bc5 36. Rb3 Bb6 37. Qf3 Ra8 38. Rd3 Ra2 39.
Qe4 Qxh2+ 40. Kg4 1-0

[Event "Early-Titled-Tuesday-Blitz-May-28-2024"]
[Site "Chess.com"]
[Date "2024.05.28"]
[Round "2"]
[White "Vesper2018"]
[Black "bascheyaro"]
[Result "0-1"]
[WhiteElo "2560"]
[BlackElo "2802"]
[TimeControl "180+1"]
[EndTime "8:19:15 PDT"]
[Termination "bascheyaro won by checkmate"]

1. e4 e6 2. d4 d5 3. e5 c5 4. c3 Qb6 5. Nf3 Bd7 6. Be2 Bb5 7.
O-O Bxe2 8. Qxe2 a6 9. dxc5 Bxc5 10. b4 Bf8 11. Nbd2 Nc6 12. Nb3 Nge7 13. a4 Qc7 14.
Re1 Ng6 15. h4 Be7 16. h5 Nf8 17. Nfd4 Nxd4 18. Nxd4 Qxc3 19. Bb2 Qxb4 20. Rec1 Nd7 21. Rc7 Bd8 22. Rc3 Qxd4 23. Rc8 Qa7 24. Rac1 Rxc8 25.
Rxc8 O-O 26. Ba3 Be7 27. Rc7 Bxa3 28. Rxd7 Qd4 29. h6 Rc8 30. g3 gxh6 31. Qf3 Rf8 32.
Qxa3 b5 33. axb5 axb5 34. Rb7 Qxe5 35. Qf3 b4 36. Kh2 Qe4 37. Qf6 h5 38. Qg5+ Qg6 39.
Qf4 Qg4 40. Qf6 Qf5 41. Qxf5 exf5 42. Rxb4 Rd8 43. Rd4 Kg7 44. Kh3 Kf6 45. f4 Ke6 46.
Kh4 Rc8 47. Kxh5 Rc1 48. Kh6 Rc3 49. Kxh7 Rxg3 50. Kh6 Kf6 51. Kh5 Rh3# 0-1

[Event "Early-Titled-Tuesday-Blitz-May-28-2024"]
[Site "Chess.com"]
[Date "2024.05.28"]
[Round "2"]
[White "lamomiajunior"]
[Black "NastyaHn"]
[Result "0-1"]
[WhiteElo "2737"]
[BlackElo "2490"]
[TimeControl "180+1"]
[EndTime "8:19:17 PDT"]
[Termination "NastyaHn won by checkmate"]

1. e4 e6 2. d4 d5 3. e5 c5 4. c3 Nc6 5. Nf3 Qb6 6. Bd3 cxd4 7. O-O a6 8. cxd4 Bd7 9. Be2 Nge7 10. Na3 Nf5 11.
Nc2 h5 12. Rb1 a5 13. Be3 Be7 14. Bd3 g6 15. b3 Nb4 16. Nxb4 axb4 17. Qe2 O-O 18.
h3 Kg7 19. Bxf5 exf5 20. Qd2 Rh8 21. Bg5 Bxg5 22. Nxg5 Be6 23. Nf3 Ra3 24. Rfc1 Rha8 25. Rc2 f4 26. Qxf4 Bf5 27. e6 Qxe6 28. Re1 Qf6 29.
Rc7 Be4 30. Qxf6+ Kxf6 31. Ne5 Rxa2 32. f3 Ra1 33. Rxa1 Rxa1+ 34. Kh2 Bb1 35. Rxf7+ Ke6 36. Rxb7 Bc2 37. Rxb4 Rb1 38. Rb6+ Ke7 39. b4 g5 40. b5 Rb2 41. Rb7+ Kd6 42. Rd7+ Ke6 43. Rg7 Rxb5 44. Rxg5 Rb4 45. Rg6+ Bxg6 46. Nxg6 Rxd4 47. Kg3 Ra4 48. Nf4+ Ke5 49. Nxh5 d4 50. Nf4 Ra3 51. h4 d3 52. Nh3 Kd4 53. h5 Ke3 54. h6 Ra6 55. Nf4 Rxh6 56. Nd5+ Kd4 57. Nf4 d2 58. Ne2+ Kd3 59. Nf4+ Kc2 60. Kg4 d1=Q 61. Kg5 Rh8 62.
g4 Rg8+ 63. Kf5 Qd6 64. g5 Rf8+ 65. Kg4 Qxf4+ 66. Kh5 Rh8+ 67. Kg6 Rg8+ 68. Kh7 Qf5+ 69. Kxg8 Qxg5+ 70. Kf7 Qf4+ 71. Kg7 Qxf3 72. Kh8 Kd3 73. Kg7 Ke4 74. Kh6 Kf5 75. Kh7 Qg4 76. Kh6 Kf6 77.
Kh7 Qg7# 0-1

[Event "Early-Titled-Tuesday-Blitz-May-28-2024"]
[Site "Chess.com"]
[Date "2024.05.28"]
[Round "2"]
[White "Dexter_Dyke"]
[Black "abelmat"]
[Result "1-0"]
[WhiteElo "2450"]
[BlackElo "2044"]
[TimeControl "180+1"]
[EndTime "8:19:19 PDT"]
[Termination "Dexter_Dyke won by checkmate"]

1. e4 e6 2. d4 d5 3. Nc3 dxe4 4. Nxe4 Nd7 5. Nf3 Ngf6 6. Bg5 Be7 7. Nxf6+ Bxf6 8.
h4 b6 9. Bd3 Bb7 10. Qe2 h6 11. Be3 O-O 12. O-O-O c5 13. dxc5 Qc7 14. g4 Nxc5 15.
g5 Bxb2+ 16. Kxb2 Na4+ 17. Kc1 Nc3 18. Qd2 Bxf3 19. Rdg1 Bxh1 20. gxh6 g6 21. h5 Be4 22.
hxg6 Bxg6 23. Bxg6 fxg6 24. Rxg6+ Kh8 25. Bd4+ e5 26.
Bxc3 Rad8 27. Qe3 Rf5 28. Rg7 Qd6 29. Qe4 Rdf8 30. Rxa7 Rg8 31. Kb2 Qg6 32. Bxe5+ Rg7 33. hxg7+ Kg8 34. Ra8+ Kf7 35. Rf8+ Ke6 36. Qxf5+ Qxf5 37. Rxf5 Kxf5 38. g8=Q Ke4 39. Bc7 b5 40. Qb3 b4 41.
Qxb4+ Kd5 42. a4 Ke6 43. a5 Kd7 44. a6 Kc8 45. a7 Kd7 46. a8=Q Ke6 47. Qe8+ Kf5 48.
Qf4# 1-0

[Event "Early-Titled-Tuesday-Blitz-May-28-2024"]
[Site "Chess.com"]
[Date "2024.05.28"]
[Round "2"]
[White "Karttunen"]
[Black "McCarthyStone"]
[Result "0-1"]
[WhiteElo "2632"]
[BlackElo "2433"]
[TimeControl "180+1"]
[EndTime "8:19:20 PDT"]
[Termination "McCarthyStone won by checkmate"]

1. e4 e5 2. Nf3 d6 3. d4 exd4 4. Nxd4 Nf6 5. Nc3 g6 6. Bg5 Bg7 7. f4 h6 8. Bh4 O-O 9. Bd3 c6 10. O-O Qb6 11. Bf2 Ng4 12. Nb3 Nxf2 13. Rxf2 a5 14. a4 Be6 15. f5 Bxb3 16. cxb3 Bd4 17.
Qf3 Nd7 18. Rf1 Ne5 19. Qg3 Qxb3 20. Kh1 Bxf2 21. Rxf2 Qb6 22. Bf1 Kh7 23. Rd2 Rad8 24. h3 g5 25. Qe1 f6 26. Qd1 Qb4 27. Qc2 Rfe8 28. Be2 Qc5 29. Rd1 Re7 30. Bh5 Kg7 31. Bg6 Qe3 32. Rf1 Qd3 33. Qc1 Nxg6 34. fxg6 Kxg6 35.
Rf3 Qd4 36. Qf1 Kg7 37. Qe2 Rde8 38. Qf1 d5 39. Rf5 Rxe4 40. Nxe4 Qxe4 41. Rxf6 Qe1 42. Rf7+ Kg6 43. Rf6+ Kh5 44. g4+ Kh4 45. Rxh6+ Kg3 46. Rf6 Qxf1+ 47. Rxf1 Kxh3 48. Rf5 Re1+ 49. Rf1 Rxf1# 0-1

[Event "Early-Titled-Tuesday-Blitz-May-28-2024"]
[Site "Chess.com"]
[Date "2024.05.28"]
[Round "2"]
[White "Fh2411"]
[Black "wild3000"]
[Result "1-0"]
[WhiteElo "2553"]
[BlackElo "2345"]
[TimeControl "180+1"]
[EndTime "8:19:20 PDT"]
[Termination "Fh2411 won by resignation"]

1. d4 e6 2. Nf3 Nf6 3. Bf4 d5 4.
e3 Be7 5. Nbd2 O-O 6. Bd3 b6 7. Ne5 Bb7 8. Qf3 Nbd7 9. Qh3 g6 10. f3 Nxe5 11. Bxe5 Bd6 12. Bxf6 Qxf6 13. f4 c5 14. c3 cxd4 15. cxd4 Bb4 16. Rd1 Rac8 17. O-O Bxd2 18. Rxd2 Rc7 19. g4 Rfc8 20. f5 Rc1 21. Rf2 Rxf1+ 22. Rxf1 exf5 23. gxf5 Qg5+ 24. Qg3 Qxg3+ 25.
hxg3 Kg7 26. Kg2 Rc7 27. Kh3 Bc8 28. g4 gxf5 29. gxf5 Kf6 30. Kg4 Re7 31. Kf4 Re8 32. Rh1 Kg7 33. Rc1 h5 34. Rh1 Rh8 35. Rh4 Kf6 36.
Be2 Bxf5 37. Rxh5 Rxh5 38. Bxh5 Bb1 39. a3 Ke6 40. Bf3 f6 41. Bg4+ Kd6 42. Bf5 Bxf5 43. Kxf5 Ke7 44. Kg6 Ke6 45. b3 a6 46. a4 a5 47. Kg7 Kf5 48. Kf7 Ke4 49. Kxf6 Kxe3 50. Ke5 Kd3 51. Kxd5 Kc3 52. Kc6 Kxb3 53. d5 b5 54.
Kxb5 1-0

[Event "Early-Titled-Tuesday-Blitz-May-28-2024"]
[Site "Chess.com"]
[Date "2024.05.28"]
[Round "2"]
[White "AljoschaFeuerstack"]
[Black "DanielNaroditsky"]
[Result "0-1"]
[WhiteElo "2640"]
[BlackElo "3071"]
[TimeControl "180+1"]
[EndTime "8:19:21 PDT"]
[Termination "DanielNaroditsky won by resignation"]

1. e4 c5 2. Nf3 Nf6 3. e5 Nd5 4. c3 d6 5. Bc4 dxe5 6. Nxe5 e6 7.
O-O Be7 8. d4 O-O 9. dxc5 Qc7 10.
Nd3 Rd8 11. Qe2 b6 12. Nd2 bxc5 13. Nf3 Bb7 14. Bg5 Nb6 15. Bxe7 Qxe7 16. Nde5 Nxc4 17. Nxc4 Nd7 18. Rad1 Nf6 19. h3 h6 20. Nfe5 Nd5 21. Qg4 Qc7 22. Rfe1 Nf6 23. Qg3 Bd5 24. b3 Bxc4 25.
Nxc4 Qxg3 26. fxg3 Rd5 27. Ne3 Rxd1 28. Rxd1 Ne4 29.
Nc4 Nxc3 30. Rd7 Nxa2 31. Ne5 f6 32. Nd3 Rc8 33. Rxa7 Nc3 34. Nf4 Nb5 35. Rb7 Nd6 36. Rd7 Nf5 37. Nxe6 Rc6 38. Rd5 Ne7 39. Rd8+ Kf7 40.
Nf4 Rb6 41. Rd7 Rxb3 42. Rc7 Ke8 43. g4 Rb1+ 44. Kh2 g5 45. Ne6 Nd5 46. Ng7+ Kf8 47. Ne6+ Kg8 48. Rxc5 Ne3 49. Rc7 Rb2 50. Kg3 Nxg2 51.
Rg7+ Kh8 52. Rf7 h5 53. gxh5 Nh4 54. Nf4 Nf5+ 55. Kf3 Rb3+ 56. Ke4 Nd6+ 57. Kd5 Nxf7 0-1

[Event "Early-Titled-Tuesday-Blitz-May-28-2024"]
[Site "Chess.com"]
[Date "2024.05.28"]
[Round "2"]
[White "viktorskliarov"]
[Black "DenLaz"]
[Result "0-1"]
[WhiteElo "2644"]
[BlackElo "3110"]
[TimeControl "180+1"]
[EndTime "8:19:22 PDT"]
[Termination "DenLaz won by resignation"]

1. e4 c5 2. Nf3 e6 3. d4 cxd4 4. Nxd4 Nc6 5. Nc3 Qc7 6. Be2 a6 7. O-O Nf6 8. Be3 Be7 9. f4 d6 10. Kh1 O-O 11. Qe1 Bd7 12. Qg3 Rac8 13. Rad1 b5 14. a3 Kh8 15. e5 dxe5 16. Nxc6 exf4 17. Bxf4 Qxc6 18. Be5 Rcd8 19. Bf3 Qc8 20. Ne4 Ne8 21. Bh5 f6 22. Bxe8 Bxe8 23. Nd6 Qc6 24. Nxe8 Rfxe8 25.
Bc3 e5 26. Qh3 Kg8 27. Qf5 Qc8 28. Qe4 Qe6 29. h3 Bf8 30. Kh2 Rd6 31. Rxd6 Qxd6 32. Rf3 Qe6 33. g4 Rd8 34. Rd3 Rxd3 35. cxd3 Qd7 36.
Kg2 h6 37. Kf3 Kf7 38. h4 g6 39. h5 gxh5 40. Qh7+ Ke8 41. Qg6+ Qf7 42. gxh5 Qxg6 43. hxg6 Kd7 44. d4 Ke6 45. dxe5 fxe5 46. Ke4 Bg7 47. b3 h5 48. a4 h4 49. axb5 axb5 50.
Bb2 h3 0-1

[Event "Early-Titled-Tuesday-Blitz-May-28-2024"]
[Site "Chess.com"]
[Date "2024.05.28"]
[Round "2"]
[White "Oleksandr_Bortnyk"]
[Black "Mikhail_Golubev"]
[Result "1/2-1/2"]
[WhiteElo "3009"]
[BlackElo "2636"]
[TimeControl "180+1"]
[EndTime "8:19:22 PDT"]
[Termination "Game drawn by repetition"]

1. e4 c5 2. Be2 Nc6 3. d3 e6 4. f4 d5 5. Nf3 Bd6 6. c3 Nge7 7. e5 Bc7 8. Be3 d4 9. Bf2 Nd5 10. g3 Ba5 11. Qc1 dxc3 12. bxc3 Nd4 13. Nxd4 cxd4 14. Bxd4 b5 15. O-O Bb7 16. Bf3 O-O 17.
Be4 Rc8 18. Qe1 Nxc3 19. Bxc3 Bxe4 20. Bxa5 Qd4+ 21. Qf2 Qxd3 22. Nd2 Rc2 23. Rfc1 Rfc8 24. Rxc2 Rxc2 25. Qxa7 h5 26. Re1 Bc6 27. Qe3 Qd5 28. Ne4 Qxa2 29. Bb4 Rg2+ 30. Kf1 Bxe4 31. Re2 Rxe2 32.
Qxe2 Qb1+ 33. Qe1 Bd3+ 34. Kf2 Qc2+ 35. Qd2 Qxd2+ 36. Bxd2 Bc4 37. h3 g6 38. g4 hxg4 39. hxg4 Bd5 40. Ke3 Bc4 41. Kd4 Be2 42. g5 Bc4 43. Bb4 Be2 44. Kc5 Bc4 45. Kd6 Be2 46. Kc6 Bc4 47. Kc5 Be2 48. Kd4 Bc4 49. Ke3 Bf1 50. Bd6 Bc4 51. Kf2 Bd5 52. Ke2 Bc4+ 53.
Kd2 Bd5 54. Kc3 Bc4 55. Kb4 Bd3 56. Kc5 Be2 57. Kd4 Bc4 58. Be7 Bf1 59. Ke3 Bc4 60. Kd2 Bf1 61. Bb4 Bc4 62. Ke1 Bd5 63. Ke2 Bc4+ 64. Kf2 Bd5 65. Ke2 Bc4+ 66. Kf2 Bd5 67. Ke2 1/2-1/2

[Event "Early-Titled-Tuesday-Blitz-May-28-2024"]
[Site "Chess.com"]
[Date "2024.05.28"]
[Round "2"]
[White "alreadybroken23"]
[Black "kleinebeer98"]
[Result "1/2-1/2"]
[WhiteElo "2622"]
[BlackElo "2957"]
[TimeControl "180+1"]
[EndTime "8:19:22 PDT"]
[Termination "Game drawn by repetition"]

1. d4 d5 2. c4 Nc6 3. Nf3 Bg4 4. e3 e6 5. Nc3 Nf6 6. h3 Bh5 7. Be2 Bb4 8. O-O O-O 9. Ne5 Bxe2 10. Qxe2 Bxc3 11.
Nxc6 bxc6 12. bxc3 Ne4 13. cxd5 cxd5 14. c4 Rb8 15. Ba3 Re8 16. Rfc1 h6 17. cxd5 exd5 18. Rc6 Qd7 19. Rac1 Rb7 20. Qc2 Qf5 21. f3 Ng3 22. Qxf5 Nxf5 23. Rxc7 Rxc7 24. Rxc7 Rxe3 25. Rxa7 Re2 26.
Bc5 Nh4 27. a4 Rxg2+ 28. Kf1 Ra2 29. a5 Nxf3 30. a6 f5 31. Ra8+ Kh7 32. a7 Nh2+ 33. Ke1 f4 34. Rf8 f3 35. a8=Q f2+ 36. Rxf2 Rxa8 37.
Rxh2 Ra1+ 38. Kf2 g5 39. Kg3 Kg6 40. Rf2 Rg1+ 41. Kh2 Rd1 42. Kg2 h5 43. Kf3 Rd3+ 44. Kg2 h4 45. Re2 Rg3+ 46. Kh2 Rd3 47. Rg2 Kf5 48.
Be7 Rxd4 49. Rxg5+ Ke6 50. Rg7 Rd2+ 51. Kg1 Rd3 52. Kg2 Rd2+ 53. Kg1 Rd1+ 54. Kf2 Rd2+ 55. Kf3 Rd3+ 56. Kg2 Rd2+ 57. Kg1 1/2-1/2

[Event "Early-Titled-Tuesday-Blitz-May-28-2024"]
[Site "Chess.com"]
[Date "2024.05.28"]
[Round "2"]
[White "subham777"]
[Black "Sawatdeekhrap"]
[Result "1-0"]
[WhiteElo "2570"]
[BlackElo "2767"]
[TimeControl "180+1"]
[EndTime "8:19:22 PDT"]
[Termination "subham777 won on time"]

1. e4 c5 2. Nf3 e6 3. g3 Nc6 4. Bg2 e5 5. O-O Nf6 6. Re1 Be7 7. c3 O-O 8. d4 exd4 9. cxd4 d5 10. exd5 Nxd5 11.
Nc3 Nxc3 12. bxc3 Be6 13. Be3 Bf6 14. Ne5 Nxe5 15. dxe5 Bxe5 16. Bxc5 Bxc3 17. Bxf8 Bxe1 18. Qxe1 Qxf8 19. Bxb7 Rb8 20. Bg2 Qa3 21. Qd2 g6 22. h4 Rb2 23. Qd8+ Kg7 24. Qd4+ Kg8 25. Qd8+ Qf8 26. Qd4 Qb8 27. a4 h5 28. a5 Rb4 29.
Qc5 Rb5 30. Qc3 Rb3 31. Qf6 a6 32. Rd1 Rb1 33. Rxb1 Qxb1+ 34. Kh2 Qd3 35. Qe5 Qd2 36. Qb8+ Kh7 37. Qb6 Qe2 38. Qe3 Qb5 39. Qb6 Qe2 40. Bb7 Qf1 41. Bg2 Qd3 42. Bb7 Qf5 43.
Bxa6 Qh3+ 44. Kg1 Bd5 45. f3 Qxg3+ 46. Kf1 1-0

[Event "Early-Titled-Tuesday-Blitz-May-28-2024"]
[Site "Chess.com"]
[Date "2024.05.28"]
[Round "2"]
[White "ansko1999"]
[Black "Chernov_Mikhail"]
[Result "1/2-1/2"]
[WhiteElo "2594"]
[BlackElo "2329"]
[TimeControl "180+1"]
[EndTime "8:19:23 PDT"]
[Termination "Game drawn - insufficient material"]

1. b3 Nf6 2. g3 g6 3. Bb2 Bg7 4. Nf3 O-O 5. Bg2 d6 6. d4 Nbd7 7. c4 Re8 8. Nc3 e5 9. dxe5 dxe5 10. Qc2 Qe7 11. Rd1 c6 12. Ng5 a5 13. O-O Nc5 14. Ba3 Be6 15. Nge4 Nfxe4 16. Nxe4 Bf5 17.
Qc1 Bxe4 18. Bxe4 f5 19. Qe3 Bf8 20. Bc2 e4 21. Kh1 Qe5 22. Qc1 Bg7 23. Qe3 Bf8 24. Rg1 Rad8 25. Rxd8 Rxd8 26. f3 Qd4 27. Qxd4 Rxd4 28.
Rd1 Rxd1+ 29. Bxd1 exf3 30. exf3 Nd3 31. Bxf8 Kxf8 32.
Kg2 f4 33. Be2 Nc1 34. Bd1 fxg3 35. Kxg3 Nxa2 36. Kf4 Ke7 37. Kg5 Nc3 38. Bc2 b5 39. cxb5 cxb5 40. Kh6 a4 41. bxa4 bxa4 42. Kxh7 Kf6 43. h4 a3 44. Bb3 a2 45. Bxa2 Nxa2 46. Kh6 Nc3 47. f4 Ne2 48. h5 Nxf4 49. hxg6 Nxg6 1/2-1/2

[Event "Early-Titled-Tuesday-Blitz-May-28-2024"]
[Site "Chess.com"]
[Date "2024.05.28"]
[Round "2"]
[White "jaskol95"]
[Black "guineo59"]
[Result "1/2-1/2"]
[WhiteElo "2526"]
[BlackElo "2323"]
[TimeControl "180+1"]
[EndTime "8:19:23 PDT"]
[Termination "Game drawn - insufficient material"]

1. e4 e6 2. Nf3 d5 3. e5 c5 4. b4 cxb4 5. a3 Nc6 6. axb4 f6 7. b5 Nxe5 8. Nxe5 fxe5 9. Qh5+ g6 10. Qxe5 Nf6 11. b6 a6 12. Bb5+ Kf7 13. Bb2 Bg7 14.
Qf4 Qxb6 15. Nc3 e5 16. Qxe5 axb5 17. Nxd5 Rxa1+ 18. Bxa1 Qe6 19. Nc7 Qxe5+ 20. Bxe5 Bd7 21. Bxf6 Bxf6 22. Nd5 Re8+ 23. Kd1 Ra8 24. Ke2 Bg7 25. Rb1 Bc6 26. Ne3 Ra2 27. Rb4 Ra4 28. Rb3 b4 29. f3 Bd4 30. Ng4 Bd5 31. Rb1 Bc5 32. Ne5+ Ke6 33. Nd3 Bd6 34. Kf2 Bc4 35. Re1+ Kd5 36.
Nb2 Ra2 37. Nd1 Rxc2 38. Ne3+ Kd4 39. Nxc2+ Kd3 40. Ne3 Bc5 41. Rc1 Kxd2 42. Rxc4 Bxe3+ 43. Kg3 b3 44. Rb4 Kc2 45. Rc4+ Kd3 46. Rb4 Kc3 47. Rxb7 b2 48. h4 Bd2 49. h5 Kc2 50.
hxg6 hxg6 51. Kg4 b1=Q 52. Rxb1 Kxb1 53. f4 Kc2 54. f5 gxf5+ 55. Kxf5 Kd3 56. g4 Kd4 57. g5 Bxg5 1/2-1/2

[Event "Early-Titled-Tuesday-Blitz-May-28-2024"]
[Site "Chess.com"]
[Date "2024.05.28"]
[Round "2"]
[White "biveklama"]
[Black "penguingm1"]
[Result "1-0"]
[WhiteElo "2631"]
[BlackElo "2964"]
[TimeControl "180+1"]
[EndTime "8:19:24 PDT"]
[Termination "biveklama won on time"]

1. e4 e5 2. Nf3 Nc6 3. Bc4 Nf6 4. d3 h6 5. c3 d6 6. O-O g5 7. Re1 Bg7 8. Bb3 O-O 9. h3 Re8 10. Nbd2 Ne7 11. Nf1 Ng6 12. Bc2 c6 13. d4 Qc7 14.
Ng3 Nf4 15. Nf5 Bxf5 16. exf5 e4 17. Bxf4 gxf4 18. Nh2 d5 19. Ng4 Kh8 20. Nxf6 Bxf6 21. Qh5 Kh7 22. f3 e3 23. g4 fxg3 24. Re2 Re7 25. Kg2 Rg8 26. f4 Qxf4 27. Rf1 Qf2+ 28. Rexf2 gxf2+ 29. Kf3 e2 30. Kxf2 exf1=Q+ 31. Kxf1 Rg3 32. Bd1 Kg7 33. Kf2 Rd3 34. Qg4+ Kf8 35. Bf3 Bg5 36. h4 Bd2 37. f6 Re6 38. Qg7+ Ke8 39. Qg8+ Kd7 40.
Qxf7+ Kd6 41. Qf8+ Kc7 42. Qf7+ Kd6 43. Qf8+ Kd7 44.
Bg4 Be1+ 45. Kf1 Re3 46. Qe7+ Kc8 47. Bxe6+ Kb8 48. f7 1-0

[Event "Early-Titled-Tuesday-Blitz-May-28-2024"]
[Site "Chess.com"]
[Date "2024.05.28"]
[Round "2"]
[White "Lion-Al-Messi"]
[Black "Louis-Paulsen-Fan"]
[Result "0-1"]
[WhiteElo "2652"]
[BlackElo "2311"]
[TimeControl "180+1"]
[EndTime "8:19:26 PDT"]
[Termination "Louis-Paulsen-Fan won by checkmate"]

1. e4 Nf6 2. e5 Nd5 3. d4 d6 4.
Nf3 g6 5. c4 Nb6 6. Nc3 Bg7 7.
exd6 cxd6 8. Be2 O-O 9. h3 Nc6 10. O-O e5 11. d5 Ne7 12. a4 Bd7 13. a5 Nbc8 14. a6 b6 15. Nb5 Bxb5 16. cxb5 h6 17. b3 f5 18. Bb2 g5 19. Rc1 Ng6 20. Qc2 Nf4 21. Rfd1 g4 22. hxg4 fxg4 23. Nd2 Qh4 24. Ne4 Ne7 25. Bf1 Rac8 26. Qd2 Nf5 27. Rc6 g3 28.
fxg3 Nxg3 29. Nxg3 Qxg3 30. Kh1 Qh4+ 31. Kg1 Qg3 32.
Rdc1 Rxc6 33. dxc6 Nh3+ 34. Kh1 Nf2+ 35. Qxf2 Qxf2 36. Bc4+ Kh8 37. Rf1 Qh4+ 38. Kg1 Rxf1+ 39. Kxf1 Qd8 40. Bd5 e4 41. Bxg7+ Kxg7 42. Ke2 Kf6 43. Bxe4 d5 44. Bf3 Ke5 45. Kd3 Kd6 46. b4 Qf6 47.
Be2 Qf5+ 48. Ke3 Qe4+ 49. Kf2 Qxb4 50. g4 Qc3 51. Bf1 d4 52. g5 hxg5 53. Bg2 d3 54. Bf3 d2 55. Bg4 Qd4+ 56. Kg2 Qxg4+ 57. Kh2 Qf4+ 58.
Kh3 d1=Q 59. c7 Qh1# 0-1

[Event "Early-Titled-Tuesday-Blitz-May-28-2024"]
[Site "Chess.com"]
[Date "2024.05.28"]
[Round "2"]
[White "edgarhay012"]
[Black "kingofthenil"]
[Result "0-1"]
[WhiteElo "2611"]
[BlackElo "2941"]
[TimeControl "180+1"]
[EndTime "8:19:28 PDT"]
[Termination "kingofthenil won by checkmate"]

1. e4 Nc6 2. Nf3 d5 3. exd5 Qxd5 4. Nc3 Qh5 5. Be2 Bg4 6. O-O O-O-O 7. d3 e5 8. h3 Bxf3 9. Bxf3 Qg6 10. Be3 f5 11. a3 e4 12. Bh5 Qf6 13. Qc1 exd3 14. Bg5 d2 15. Bxd2 Qh4 16. Be2 Be7 17. Bf4 Nd4 18.
Bd3 g5 19. Be5 Bf6 20. Bxd4 Bxd4 21. Bxf5+ Kb8 22. Ne2 Bb6 23. c4 Nh6 24. Bb1 Rhe8 25. Ng3 Bd4 26. Ne4 Rxe4 27. Bxe4 Qxe4 28. Qxg5 Rg8 29. Rae1 Qc6 30. Qd5 Qxd5 31. cxd5 Bxb2 32. Re7 Nf5 33. Rf7 Nh4 34. g3 Bxa3 35. Re1 a5 36. Re4 Ng6 37. h4 Bd6 38. f4 Nxh4 39. Kf2 Ng6 40. Rxh7 Rf8 41. Kf3 Ne5+ 42. Ke2 Ng4 43.
Re6 Nf6 44. Rh1 Nxd5 45. Rb1 Nc3+ 46. Kd3 Nxb1 47. Kc2 Na3+ 48. Kb3 Nb5 49. Kc4 c6 50. Rxd6 Nxd6+ 51. Kc5 Nf5 52. Kb6 Nxg3 53. f5 Nxf5 54. Kc5 Ne7 55. Kb6 Rf6 56. Kc5 Rf5+ 57. Kb6 Nc8# 0-1

[Event "Early-Titled-Tuesday-Blitz-May-28-2024"]
[Site "Chess.com"]
[Date "2024.05.28"]
[Round "2"]
[White "campochess"]
[Black "FlemingA"]
[Result "0-1"]
[WhiteElo "2126"]
[BlackElo "2467"]
[TimeControl "180+1"]
[EndTime "8:19:28 PDT"]
[Termination "FlemingA won by checkmate"]

1. e4 b6 2. d4 Bb7 3. Nc3 e6 4. a3 d5 5. exd5 exd5 6. Nf3 Nf6 7. Ne5 Bd6 8. Bb5+ c6 9. Be2 O-O 10. O-O Re8 11. Bg5 Bxe5 12. dxe5 Rxe5 13. f4 Re8 14. Bd3 Nbd7 15. Qf3 Nc5 16. Bf5 Bc8 17. Qh3 Bxf5 18. Qxf5 Qd7 19. Qxd7 Ncxd7 20. Rad1 h6 21. Bh4 Ne4 22.
Ne2 Ndc5 23. Nd4 Rac8 24. Rf3 Nd6 25. f5 Nc4 26. b3 Ne5 27. Rh3 Ne4 28. f6 g5 29. Be1 Kh7 30. Nf5 Ng4 31. Rf3 Ngxf6 32. h4 g4 33. Rf4 Re6 34. Nd4 Re5 35. c4 c5 36. Nb5 d4 37. b4 Kg7 38. bxc5 bxc5 39.
h5 Rg5 40. Rxf6 Nxf6 41. Nd6 Rc6 42. Nb7 Rxh5 43. Bd2 Rf5 44. Re1 Re6 45. Rb1 Ne4 46. Nd8 Nxd2 47. Nxe6+ fxe6 48. Rb7+ Rf7 49. Rb5 g3 50.
Rb1 Nxb1 51. a4 Nd2 52. a5 Rf1# 0-1